 Dungeon Crawl Stone Soup version 0.32-a0-918-g0f22ef8d61 (webtiles) character file.

Game seed: 15216899440402644803

2310 DrunkBamboolord the Digger (level 9, -2/65 HPs)
             Began as a Demonspawn Earth Elementalist on Apr 10, 2024.
             Was a Follower of Sif Muna.
             Shot with a bolt by an orc (3 damage)
             ... in a bailey.
             The game lasted 00:17:21 (7344 turns).

DrunkBamboolord the Digger (DsEE)                   Turns: 7344, Time: 00:17:21

Health: -2/65      AC:  4    Str:  9    XL:     9   Next: 18%
Magic:  2/17       EV: 13    Int: 19    God:    Sif Muna [*.....]
Gold:   558        SH:  0    Dex: 17    Spells: 8/19 levels left

rFire   + + .        u - +10 spear of Gozag's Delight {drain, Dex+3}
rCold   + . .        j - orb {light}
rNeg    . . .        h - +0 robe {rF+}
rPois   +            (helmet restricted)
rElec   +            (no cloak)
rCorr   +            (no gloves)
SInv    .            (no boots)
Will    .....        (no amulet)
Stlth   +            (no ring)
HPRegen 0.30/turn    (no ring)
MPRegen 0.15/turn

%: no passive effects
@: resistant, on berserk cooldown, very slightly contaminated, slowed, glowing,
invisible (but backlit and visible), very slow
A: horns 2, thin metallic scales 1, demonic guardian 3
a: Renounce Religion, Channel Magic


You were in a bailey.
You worshipped Sif Muna.
Sif Muna was aware of your devotion.
You visited 1 branch of the dungeon, and saw 7 of its levels.
You also visited: Bailey.

You collected 558 gold pieces.

Inventory:

Hand Weapons
 o - a +0 dagger of electrocution
 u - the +10 spear of Gozag's Delight (weapon) {drain, Dex+3}
   (You found it on level 7 of the Dungeon)

   Dex+3:     It affects your dexterity (+3).
Armour
 h - a +0 robe of fire resistance (worn)
 j - an orb of light (worn)
Wands
 s - a wand of digging (4)
Scrolls
 c - a scroll of identify {unknown}
 d - a scroll of revelation
 f - 2 scrolls of teleportation
 k - a scroll of acquirement {unknown}
 n - a scroll of poison
 p - 2 scrolls of enchant armour {unknown}
 q - a scroll of amnesia {unknown}
 t - a scroll of fog {unknown}
Potions
 b - 2 potions of magic
 e - a potion of berserk rage
 g - a potion of lignification
 i - 2 potions of resistance
 l - 2 potions of curing


   Skills:
 + Level 3.8 Fighting
 + Level 4.0 Dodging
 + Level 4.2 Stealth
 * Level 5.5 Spellcasting
 * Level 5.4 Conjurations
 * Level 5.8 Earth Magic
 + Level 3.1 Invocations


You had 8 spell levels left.
You knew the following spells:

 Your Spells              Type           Power      Damage    Failure   Level
a - Sandblast             Erth           54%        2d13      1%          1
b - Stone Arrow           Conj/Erth      52%        3d10      3%          3
c - Passwall              Erth           27%        N/A       3%          3
d - Brom's Barrelling Bo  Conj/Erth      26%        2d5       12%         4

Your spell library contained the following spells:

 Spells                   Type           Power      Damage    Failure   Level
 Freeze                   Ice            20%        1d4       12%         1
 Hailstorm                Conj/Ice       15%        3d6       12%         3
 Ensorcelled Hibernation  Hex/Ice        10%        N/A       19%         2
 Frozen Ramparts          Ice            10%        1d2       34%         3
 Fugue of the Fallen      Necr           5%         N/A       34%         3
 Inner Flame              Hex/Fire       5%         N/A       34%         3
 Tukima's Dance           Hex            5%         N/A       34%         3
 Petrify                  Alch/Erth      16%        N/A       34%         4
 Flame Wave               Conj/Fire      15%        2d7       36%         4
 Irradiate                Conj/Alch      7%         3d14      71%         5
 Anguish                  Hex/Necr       2%         N/A       75%         4
 Passage of Golubria      Tloc           5%         N/A       75%         4
 Sticky Flame             Fire/Alch      5%         2d4       75%         4
 Yara's Violent Unravell  Hex/Alch       2%         3d3       97%         5
 Ignition                 Fire           2%         3d3       100%        8


Dungeon Overview and Level Annotations

Branches:
Dungeon (7/15)             Temple (0/1) D:7          Bailey (1/1)

Altars:
Makhleb
Nemelex Xobeh
Sif Muna
Trog
Uskayaw

Annotations:
D:3 1 exclusion


Innate Abilities, Weirdness & Mutations

You have a pair of horns on your head.
You are partially covered in thin metallic scales. (AC +2)
A powerful demonic guardian rushes to your aid.


Message History

This square is lit by a halo.
Okay, then.
Aiming: Polymorph
Press: ? - help, Shift-Dir - straight line, f/p - orc warrior
Aim: an orc warrior, wielding a +0 arbalest and wearing a +0 scale mail (will become a fire bat, a scorpion, or a water moccasin, chance to affect: 49%)
The orc warrior resists with some effort.
The orc warrior shoots a bolt.
The bolt barely misses you.
The orc shoots a bolt.
The bolt completely misses you.
The orc warrior shoots a bolt.
The bolt barely misses you.
The orc shoots a bolt.
The bolt barely misses you.
Aiming: Polymorph
Press: ? - help, Shift-Dir - straight line, f/p - orc warrior
Aim: an orc warrior, wielding a +0 arbalest and wearing a +0 scale mail (will become a fire bat, a scorpion, or a water moccasin, chance to affect: 49%)
The orc warrior resists with some effort.
The now-empty wand crumbles to dust.
The orc warrior shoots a bolt.
The bolt closely misses you.
The orc shoots a bolt.
The bolt completely misses you.
The orc warrior shoots a bolt.
The bolt barely misses you.
The orc shoots a bolt.
The bolt barely misses you.
The orc warrior shoots a bolt.
The bolt hits you!
Casting: Passwall (dangerous; 3% risk of failure)
Confirm with . or Enter, or press ? or * to list all spells.
Aiming: Stone Arrow (dangerous; 3% risk of failure)
Press: ? - help, Shift-Dir - straight line, f/p - orc warrior
Aim: an orc warrior, wielding a +0 arbalest and wearing a +0 scale mail (64% to hit)
The stone arrow hits the orc warrior!
The orc warrior is heavily wounded.
The orc warrior shoots a bolt.
The bolt hits you!
* * * LOW HITPOINT WARNING * * *
The orc shoots a bolt.
The bolt closely misses you.
Casting: Stone Arrow (dangerous; 3% risk of failure)
Confirm with . or Enter, or press ? or * to list all spells.
Aiming: Stone Arrow (dangerous; 3% risk of failure)
Press: ? - help, Shift-Dir - straight line, f/p - orc warrior
Aim: an orc warrior, wielding a +0 arbalest and wearing a +0 scale mail (heavily wounded, 64% to hit)
The stone arrow misses the orc warrior.
The orc warrior shoots a bolt.
The bolt hits you!
* * * LOW HITPOINT WARNING * * *
A demonic guardian appears!
The orc shoots a bolt.
The bolt hits you.
You die...

....≈##.#≈≈.....#
....≈#∩.##≈.....#
.........#≈)°...#
...o≈##.##≈°....#
....≈≈###≈≈.o.°.#
.....≈≈≈≈≈..°...#
......o.....°...#
..........3.....#
..........°°@...#
.....°.........∩#
#################


You could see an orc warrior (ally target), an orc and a friendly sun demon
(summoned).

Vanquished Creatures
  A deep elf pyromancer (D:6)
  A hornet (D:6)
  3 ice beasts
  An ogre (D:5)
  A centaur (D:5)
  A phantom (D:5)
  2 scorpions
  2 bombardier beetles (D:6)
  2 hounds (D:6)
  3 jellies
  3 orc priests
  Jessica (D:2)
  3 iguanas
  An orc wizard (D:6)
  3 adders
  9 gnolls
  A shadow imp (D:5)
  A white imp (D:6)
  2 ufetubi (D:5)
  A dart slug (D:5)
  A ribbon worm (D:2)
  22 orcs
  4 ball pythons
  9 bats
  6 endoplasms
  5 giant cockroaches
  8 goblins
  7 hobgoblins
  3 jackals (D:4)
  11 kobolds
  3 quokkas
  3 frilled lizards
  2 rats
126 creatures vanquished.

Vanquished Creatures (collateral kills)
  An orc warrior (D:7)
  An ogre (D:5)
  A bullfrog (D:4)
  A hound (D:5)
  An iguana (D:5)
  2 orc wizards (D:4)
  A gnoll (D:4)
  3 orcs
  A rat (D:2)
12 creatures vanquished.

Grand Total: 138 creatures vanquished

Notes
Turn   | Place    | Note
-------+----------+-------------------------------------------
     0 | D:1      | DrunkBamboolord the Demonspawn Earth Elementalist began the
                  | quest for the Orb.
     0 | D:1      | Reached XP level 1. HP: 13/13 MP: 3/3
   190 | D:1      | Gained mutation: You have a pair of small horns on your
                  | head. [demonic ancestry]
   190 | D:1      | Reached XP level 2. HP: 18/19 MP: 1/5
   237 | D:1      | Found a faded altar of an unknown god.
   804 | D:1      | Gained mutation: A weak demonic guardian rushes to your
                  | aid. [demonic ancestry]
   804 | D:1      | Reached XP level 3. HP: 25/25 MP: 0/6
   808 | D:1      | Learned a level 3 spell: Stone Arrow
  1101 | D:2      | Noticed Jessica
  1105 | D:2      | Killed Jessica
  1183 | D:2      | Reached skill level 1 in Fighting
  1183 | D:2      | Gained mutation: You have a pair of horns on your head.
                  | [demonic ancestry]
  1183 | D:2      | Reached XP level 4. HP: 20/32 MP: 2/8
  1635 | D:3      | Learned a level 3 spell: Passwall
  2016 | D:3      | Found a sparkling altar of Nemelex Xobeh.
  2233 | D:3      | Found a hide-covered altar of Uskayaw.
  2398 | D:3      | Found a bloodstained altar of Trog.
  2710 | D:4      | Gained mutation: A demonic guardian rushes to your aid.
                  | [demonic ancestry]
  2710 | D:4      | Reached XP level 5. HP: 37/37 MP: 5/9
  2960 | D:4      | Found a burning altar of Makhleb.
  3075 | D:4      | Gained mutation: You are partially covered in thin metallic
                  | scales. (AC +2) [demonic ancestry]
  3075 | D:4      | Reached XP level 6. HP: 17/44 MP: 7/11
  3664 | D:5      | Entered Level 5 of the Dungeon
  3941 | D:5      | Reached XP level 7. HP: 50/50 MP: 7/12
  4897 | D:5      | Learned a level 4 spell: Brom's Barrelling Boulder
  5243 | D:5      | Found a shimmering blue altar of Sif Muna.
  5275 | D:5      | Became a worshipper of Sif Muna the Loreminder
  5373 | D:5      | Gained mutation: A powerful demonic guardian rushes to your
                  | aid. [demonic ancestry]
  5373 | D:5      | Reached XP level 8. HP: 57/57 MP: 10/14
  5580 | D:6      | Reached skill level 1 in Invocations
  5881 | D:6      | Noticed Jeremiah
  5958 | D:6      | Jeremiah changed into Jeremiah the hornet
  5958 | D:6      | Noticed Jeremiah
  5962 | D:6      | Paralysed by Jeremiah for 2 turns
  5970 | D:6      | Paralysed by Jeremiah for 1 turns
  5973 | D:6      | Killed Jeremiah the hornet
  5974 | D:6      | Reached skill level 5 in Earth Magic
  6296 | D:5      | Reached skill level 5 in Spellcasting
  6622 | D:6      | Reached skill level 5 in Conjurations
  6968 | D:7      | Noticed a deep elf pyromancer
  6976 | D:6      | Killed a deep elf pyromancer
  6977 | D:6      | Reached XP level 9. HP: 50/65 MP: 5/17
  7178 | D:7      | Found a flagged portal.
  7185 | D:7      | Identified the +10 spear of Gozag's Delight {drain, Dex+3}
  7189 | Bailey   | Entered a bailey
  7226 | Bailey   | Reached * piety under Sif Muna
  7344 | Bailey   | HP: 1/65 [orc warrior/bolt (14)]
  7344 | Bailey   | Shot with a bolt by an orc

Illustrated notes

Levels and vault maps discovered:
D:1:      saegor_arrival_simple_e, layout_loops_ring,
          shapermc_ecumenical_altar_mp_ritualfount, minmay_misc_feat_columns,
          hangedman_feature_mirror, nrook_uturn
D:2:      layout_rooms, hex_medium, uniq_jessica
D:3:      layout_rooms, nicolae_uskayaw_murder_on_the_dancefloor,
          lemuel_tele_altar, lightli_temple_of_fire, minmay_statues_item,
          grunt_decor_junction, st_stairs_13,
          amcnicky_mini_rare_corridor_liquid, grunt_decor_resistance,
          patterned_corridor
D:4:      layout_loops_ring, mainiacjoe_overflow_small_starburst
D:5:      layout_gridville, mainiacjoe_overflow_24_doors,
          minmay_misc_feat_secret_circle
D:6:      layout_basic, uniq_jeremiah
D:7:      minmay_octagon_keep, layout_basic,
          nicolae_ru_great_annihilating_truth, minmay_temple_entry_wispy,
          enter_bailey_2, nzn_random_ring
Bailey:   bailey_polearm_2, bailey

Skill      XL: |  1  2  3  4  5  6  7  8  9 |
---------------+----------------------------+-----
Stealth        | 2 3 4 |  4.2
Dodging        | 2 3 4 |  4.0
Earth Magic    | 3 4 5 |  5.8
Fighting       | 1 2 3 |  3.8
Conjurations   | 2 3 4 5 |  5.4
Spellcasting   | 3 4 5 |  5.5
Invocations    | 3 |  3.1

Action                     |  1- 3 |  4- 6 |  7- 9 || total
---------------------------+-------+-------+-------++-------
  Melee: Dagger            |    49 |     1 |     6 ||    56
         Headbutt          |    11 |       |     1 ||    12
         Hand axe          |       |    18 |       ||    18
   Cast: Sandblast         |    52 |    88 |   154 ||   294
         Passwall          |       |     1 |     2 ||     3
         Stone Arrow       |       |       |     7 ||     7
         Brom's Barrelling |       |       |     3 ||     3
  Evoke: Wand              |       |       |     3 ||     3
    Use: Scroll            |       |     1 |     2 ||     3
         Potion            |       |       |     7 ||     7
   Stab: Sleeping          |     1 |     2 |       ||     3
 Armour: Robe              |    34 |    48 |   108 ||   190
         Skin              |       |       |    55 ||    55
  Dodge: Dodged            |    43 |    49 |   137 ||   229

Table legend: (Time is in decaauts)
 A = Elapsed time spent in this place.
 B = Non-inter-level travel time spent in this place.
 C = Inter-level travel time spent in this place.
 D = Time resting spent in this place.
 E = Time spent auto-exploring this place.
 F = Levels seen in this place.
 G = Mean time per level.
                   A        B        C        D        E       F      G
               +--------+--------+--------+--------+--------+-----+--------+
         Total |   7502 |   7194 |    308 |   1307 |   4564 |   8 |  937.8 |
       Dungeon |   7340 |   7032 |    308 |   1231 |   4564 |   7 | 1048.6 |
        Bailey |    162 |    162 |      0 |     76 |      0 |   1 |  162.0 |
               +--------+--------+--------+--------+--------+-----+--------+

Top non-repeatable levels by time:
     D:5: 1887 daAuts
     D:6: 1509 daAuts
     D:3: 1109 daAuts
     D:1: 1096 daAuts
     D:4: 1067 daAuts
     D:2: 603 daAuts
  Bailey: 162 daAuts
     D:7: 66 daAuts
